Map: Efflorescence LE

Players

Lama - Winner!

  • Race: Zerg Zerg
  • Spawn Location: 3:00

uNikal - Winner!

  • Race: Zerg Zerg
  • Spawn Location: 12:00

qqq

  • Race: Protoss Protoss
  • Spawn Location: 6:00

Massa

  • Race: Terran Terran
  • Spawn Location: 9:00

VOD

Have the link to the VOD?

Description

Time

  • Played on: Oct. 2, 2020, 5:13 p.m.
  • Length: 6:19
Show
View Real Time Build Order
Export as new Build Order

Lama Zerg - Winner!

Build Orders: Pool First, Zergling Baneling 

Get SALT Encoding   

  12  0:01  Drone  
  13  0:23  Spawning Pool  
  13  0:25  Drone  
  13  0:30  Drone  
  13  0:34  Extractor  
  13  0:39  Drone  
  14  0:46  Overlord  
  14  1:10  Zergling x4  
  14  1:11  Zergling x2  
  17  1:17  Queen  
  19  1:21  Zergling x2  
  20  1:40  Zergling x2  
  20  1:45  Drone  
  22  1:50  Metabolic Boost  
  22  2:07  Hatchery  
  21  2:15  Overlord  
  20  2:42  Drone x3  
  20  2:43  Drone x3  
  26  2:55  Drone  
  26  2:56  Baneling Nest  
  26  2:58  Extractor  
  25  3:34  Drone  
  25  3:35  Drone x3  
  25  3:36  Queen  
  25  3:38  Drone x2  
  25  3:41  Overlord  
  32  3:42  Zergling x4  
  34  3:51  Lair  
  34  3:57  Baneling x3  
  34  3:58  Baneling  
  34  4:03  Baneling x2  
  34  4:05  Drone  
  34  4:06  Drone  
  36  4:19  Zergling x2  
  36  4:20  Zergling x10  
  42  4:26  Baneling x3  
  42  4:42  Zergling x2  
  42  4:43  Overlord x2  
  36  5:21  Zergling x2  
  36  5:22  Zergling x26  
  50  5:32  Zergling x2  
  50  5:33  Zergling x2  
  52  5:42  Zergling x4  
  53  5:50  Spore Crawler  
  53  5:53  Spore Crawler  
  50  6:04  Spore Crawler  
Show
View Real Time Build Order
Export as new Build Order

uNikal Zerg - Winner!

Build Orders: Hatch First, Zergling Baneling 

Get SALT Encoding   

  12  0:00  Drone  
  13  0:09  Drone  
  14  0:14  Extractor  
  14  0:15  Drone  
  15  0:40  Hatchery  
  14  0:45  Overlord  
  14  0:53  Extractor  
  14  0:55  Drone  
  14  1:04  Drone  
  14  1:05  Drone  
  16  1:11  Drone  
  17  1:20  Drone  
  17  1:25  Spawning Pool  
  17  2:00  Drone x3  
  20  2:16  Queen  
  20  2:20  Zergling x2  
  23  2:25  Queen  
  25  2:35  Drone  
  25  2:36  Drone  
  27  2:40  Metabolic Boost  
  27  2:53  Baneling Nest  
  26  3:00  Drone x2  
  26  3:02  Overlord  
  28  3:14  Overlord  
  28  3:21  Zergling x8  
  32  3:28  Zergling x2  
  32  3:29  Zergling x6  
  36  3:40  Zergling x8  
  40  3:49  Baneling x2  
  40  4:05  Overlord  
  40  4:08  Zergling x6  
  40  4:09  Zergling x2  
  44  4:11  Baneling x6  
  44  4:12  Baneling  
  43  4:36  Baneling x2  
  43  4:40  Zergling x16  
  51  4:46  Extractor  
  44  5:15  Zergling x14  
  51  5:48  Extractor  
  46  5:50  Drone x3  
  46  5:58  Spore Crawler  
Show
View Real Time Build Order
Export as new Build Order

qqq Protoss 

Build Orders:  

Get SALT Encoding   

  12  0:00  Probe  
  13  0:12  Probe  
  14  0:19  Pylon  
  14  0:24  Probe  
  15  0:37  Probe  
  16  0:49  Probe  
  17  0:55  Pylon  
  17  0:58  Pylon  
  17  1:00  Pylon  
  17  1:20  Pylon  
  17  1:21  Pylon  
  17  1:24  Pylon  
  17  1:36  Gateway  
  17  1:43  Probe  
  18  2:15  Probe  
  19  2:23  Pylon  
  19  2:27  Nexus  
  18  2:32  Zealot  
  20  2:41  Cybernetics Core  
  20  2:47  Assimilator  
  20  2:49  Probe  
  21  2:54  Assimilator  
  21  3:01  Probe  
  22  3:13  Probe  
  23  3:23  Pylon  
  23  3:26  Pylon  
  23  3:37  Probe  
  23  3:38  Pylon  
  24  3:44  Probe  
  25  3:49  Probe  
  26  3:57  Probe  
  26  4:01  Probe  
  28  4:06  Forge  
  28  4:09  Probe (Chrono Boost)  
  29  4:10  Stargate  
  29  4:14  Probe (Chrono Boost)  
  30  4:21  Probe (Chrono Boost)  
  30  4:22  Assimilator  
  32  4:25  Probe (Chrono Boost)  
  32  4:27  Probe (Chrono Boost), Assimilator  
  32  4:29  Probe (Chrono Boost)  
  33  4:35  Probe  
  35  4:40  Probe  
  36  4:47  Probe  
  36  4:52  Probe, Stargate  
  38  4:59  Probe  
  39  5:03  Phoenix  
  39  5:04  Probe  
  42  5:08  Forge  
  42  5:11  Probe  
  43  5:16  Probe  
  42  5:23  Pylon  
  42  5:24  Pylon  
  41  5:29  Pylon, Void Ray (Chrono Boost)  
  41  5:30  Pylon  
  41  5:31  Pylon  
  36  5:50  Probe  
  41  6:02  Probe  
Show
View Real Time Build Order
Export as new Build Order

Massa Terran 

Build Orders:  

Get SALT Encoding   

  12  0:00  SCV  
  13  0:12  SCV  
  14  0:21  Supply Depot  
  14  0:24  SCV  
  15  0:42  Refinery  
  15  0:43  SCV  
  15  0:46  Barracks  
  16  0:55  SCV  
  17  0:59  Refinery  
  17  1:07  SCV  
  18  1:19  SCV  
  19  1:32  Orbital Command  
  19  1:35  Reaper  
  20  1:44  Factory  
  20  2:02  SCV  
  20  2:07  Marine  
  22  2:14  SCV  
  23  2:27  Supply Depot  
  23  2:59  Command Center  
  23  3:00  Engineering Bay  
  23  3:02  Hellion, Marine  
  25  3:19  Marine  
  25  3:24  Hellion  
  27  3:33  Terran Infantry Weapons Level 1  
  27  3:37  Barracks  
  27  3:39  Starport  
  27  3:43  Missile Turret  
  27  3:45  SCV, Hellion  
  30  3:57  Factory  
  30  3:58  SCV  
  31  4:11  Hellion  
  31  4:13  Supply Depot  
  31  4:15  Supply Depot  
  31  4:16  Missile Turret  
  33  4:21  Missile Turret  
  33  4:23  Barracks Tech Lab  
  33  4:31  SCV  
  34  4:48  Factory Tech Lab  
  34  5:00  Medivac  
  34  5:06  SCV  
  38  5:08  Orbital Command  
  37  5:16  Widow Mine  
  37  5:18  SCV  
  38  5:23  Marine  
  33  5:29  Marine  
  33  5:30  Viking  
  30  5:47  Marine  
  30  5:48  Hellion  
Tags
 
Add a new tag
Caveats
  • Supply blocks, unpowered buildings, or Contaminate may cause inaccurate times.
  • Supply counts are checked every 10 seconds.